 Dungeon Crawl Stone Soup version 0.30-a0-347-gf58ed5266c (webtiles) character file.

Game seed: 4967468066427695209

442 quakins the Caller (level 7, -1/58 HPs)
             Began as a Barachi Summoner on Nov 6, 2022.
             Slain by HolyTactitian's ghost (4 damage)
             ... on level 3 of the Dungeon.
             The game lasted 00:11:19 (3981 turns).

quakins the Caller (Barachi Summoner)               Turns: 3981, Time: 00:11:19

Health: -1/58      AC:  2    Str:  9    XL:     7   Next: 2%
Magic:  13/13      EV: 12    Int: 17    God:
Gold:   75         SH:  0    Dex: 13    Spells: 5/14 levels left

rFire   . . .      SeeInvis .    h - +1 short sword (drain)
rCold   . . .      Faith    .    (no shield)
rNeg    + . .      Spirit   .    a - +0 robe
rPois   .          Reflect  .    (no helmet)
rElec   .          Harm     .    (no cloak)
rCorr   +          Rampage  .    (no gloves)
Will    .....                    (no boots)
Stlth   ++........               f - amulet of magic regeneration
HPRegen 0.29/turn                e - ring of positive energy
MPRegen 0.53/turn                w - ring of resist corrosion

@: unable to hop, slow
A: amphibious, slowness 1, strong legs 1, +LOS
a: Hop


You were on level 3 of the Dungeon.
You visited 1 branch of the dungeon, and saw 4 of its levels.

You collected 103 gold pieces.
You spent 28 gold pieces at shops.

Inventory:

Hand Weapons
 h - a +1 short sword of draining (weapon)
Armour
 a - a +0 robe (worn)
Jewellery
 e - a ring of positive energy (left hand)
 f - an amulet of magic regeneration (around neck)
 m - an amulet of the acrobat
 w - a ring of resist corrosion (right hand)
Wands
 k - a wand of roots (3)
 q - a wand of flame (30)
Scrolls
 d - 2 scrolls of fear
 g - a scroll of amnesia
 l - 2 scrolls of magic mapping
 n - 4 scrolls of teleportation {unknown}
 o - a scroll of fog {unknown}
 p - a scroll of poison {unknown}
 s - a scroll of silence {unknown}
 v - 2 scrolls of identify
 y - a scroll of vulnerability {unknown}
Potions
 b - a potion of magic
 c - 3 potions of flight {unknown}
 i - 2 potions of haste {unknown}
 j - a potion of attraction {unknown}
 r - a potion of ambrosia {unknown}
 t - a potion of degeneration {unknown}
 u - a potion of heal wounds {unknown}
 x - 2 potions of curing {unknown}


   Skills:
 - Level 6.0 Fighting
 - Level 2.1 Dodging
 - Level 1.7 Stealth
 - Level 4.0 Spellcasting
 + Level 6.3 Summonings


You had 5 spell levels left.
You knew the following spells:

 Your Spells              Type           Power      Damage    Failure   Level
a - Summon Small Mammal   Summ           96%        N/A       1%          1
b - Call Imp              Summ           24%        N/A       1%          2
c - Call Canine Familiar  Summ           24%        N/A       3%          3
d - Summon Guardian Gole  Hex/Summ       14%        N/A       13%         3

Your spell library contained the following spells:

 Spells                   Type           Power      Damage    Failure   Level
 Beastly Appendage        Tmut           6%         N/A       16%         1
 Ensorcelled Hibernation  Hex/Ice        6%         N/A       24%         2
 Passwall                 Tmut/Erth      2%         N/A       24%         2
 Wereblood                Tmut           3%         N/A       24%         2
 Summon Lightning Spire   Summ/Air       14%        N/A       38%         4
 Hailstorm                Conj/Ice       3%         3d3       43%         3
 Portal Projectile        Hex/Tloc       6%         N/A       43%         3
 Spider Form              Tmut/Pois      3%         N/A       43%         3
 Swiftness                Air            3%         N/A       43%         3
 Ice Form                 Ice/Tmut       3%         N/A       83%         4
 Leda's Liquefaction      Hex/Erth       1%         N/A       83%         4
 Simulacrum               Ice/Necr       1%         N/A       100%        6


Dungeon Overview and Level Annotations

Branches:
Dungeon (4/15)
 Temple: D:4-7

Altars:
Gozag
Kikubaaqudgha
Makhleb
Sif Muna
The Shining One

Shops:
D:3 [?*[=   D:4 =[

Annotations:
D:3 HolyTactitian's ghost, amateur TeRe


Innate Abilities, Weirdness & Mutations

You are amphibious.
You cover ground slowly.
You can hop short distances.
You have an extended range of vision and can be seen from far away.


Message History

You closely miss HolyTactitian's ghost.
Your hound bites the orc priest.
HolyTactitian's ghost hits you. HolyTactitian's ghost burns you.
You closely miss HolyTactitian's ghost.
HolyTactitian's ghost closely misses you.
The orc barely misses your hound.
Your hound bites the orc priest.
The orc hits your hound with a +0 dagger.
You closely miss HolyTactitian's ghost.
Your hound bites the orc priest.
HolyTactitian's ghost hits you. HolyTactitian's ghost burns you.
The orc hits your hound with a +0 dagger. x2
Your hound closely misses the orc.
You hit HolyTactitian's ghost but do no damage.
HolyTactitian's ghost hits you. HolyTactitian's ghost burns you.
The orc barely misses your hound. The orc hits your hound with a +0 mace.
Your hound closely misses the orc.
The orc closely misses your hound.
HolyTactitian's ghost attacks as you move away!
HolyTactitian's ghost hits you.
* * * LOW HITPOINT WARNING * * *
HolyTactitian's ghost burns you.
* * * LOW HITPOINT WARNING * * *
Hop to where?
Press: ? - help, Dir - move target Boing!
The orc hits your hound with a +4 rapier.
The orc completely misses something.
The orc closely misses your crimson imp.
Your crimson imp hits the orc but does no damage.
The orc hits your crimson imp but does no damage.
HolyTactitian's ghost attacks as you move away!
HolyTactitian's ghost barely misses you.
Your crimson imp blinks!
There is a stone staircase leading up here.
HolyTactitian's ghost misses you.
The orc priest invokes the aid of Beogh against you.
Beogh smites you!
* * * LOW HITPOINT WARNING * * *
You climb upwards.
There is a stone staircase leading down here.
Okay, then.
You closely miss HolyTactitian's ghost. HolyTactitian's ghost hits you.
You die...

# # #
##################
...).....>.....W@#
###.#........###.#
....#........# #.#
..###........# #.#
#.# #........###.#
#.# #............#
#.# #.........##.#
#.# ###.#)###.##.#
#.#####.#'#...##.#


You could see HolyTactitian's ghost.

Vanquished Creatures
  An ogre (D:4)
  A bullfrog (D:4)
  2 hounds (D:4)
  2 orc priests
  5 adders
  A worm (D:4)
  A dart slug (D:4)
  4 orcs
  9 ball pythons
  5 bats
  6 endoplasms
  6 giant cockroaches
  6 hobgoblins
  7 jackals
  2 quokkas (D:4)
  3 frilled lizards
  4 goblins
  9 kobolds
  4 rats
78 creatures vanquished.

Vanquished Creatures (collateral kills)
  Terence (D:2)
  2 dart slugs
  An orc (D:4)
  A ball python (D:2)
  An endoplasm (D:1)
  3 hobgoblins (D:1)
  2 jackals (D:1)
  A kobold (D:1)
  A quokka (D:2)
  A frilled lizard (D:2)
  A rat (D:2)
15 creatures vanquished.

Vanquished Creatures (others)
  62 plants (D:4)
62 creatures vanquished.

Grand Total: 155 creatures vanquished

Notes
Turn   | Place    | Note
-------+----------+-------------------------------------------
     0 | D:1      | quakins the Barachi Summoner began the quest for the Orb.
     0 | D:1      | Reached XP level 1. HP: 13/13 MP: 3/3
    27 | D:1      | Reached skill level 5 in Summonings
   255 | D:1      | Reached XP level 2. HP: 7/19 MP: 5/5
   723 | D:1      | Reached XP level 3. HP: 14/23 MP: 6/6
   790 | D:1      | Learned a level 2 spell: Call Imp
   794 | D:1      | Learned a level 3 spell: Call Canine Familiar
   939 | D:1      | Reached skill level 1 in Fighting
  1377 | D:2      | Noticed Terence
  1402 | D:2      | Killed Terence
  1403 | D:2      | Reached XP level 4. HP: 32/34 MP: 7/7
  2150 | D:3      | Found Noineixo's Antique Armour Boutique.
  2200 | D:3      | Found Diruabo's Armour Boutique.
  2219 | D:3      | Reached XP level 5. HP: 18/42 MP: 8/8
  2434 | D:3      | Found Socvitoh's Magic Scroll Shoppe.
  2440 | D:3      | Found Summuide's General Store.
  2443 | D:3      | Bought a scroll of identify for 28 gold pieces
  2515 | D:3      | Found Isinuocy's Jewellery Boutique.
  2571 | D:3      | Found a burning altar of Makhleb.
  2571 | D:3      | Found an ancient bone altar of Kikubaaqudgha.
  2571 | D:3      | Found a glowing golden altar of the Shining One.
  2571 | D:3      | Found an opulent altar of Gozag.
  3039 | D:4      | Found a runed translucent gate.
  3039 | D:4      | Found a runed translucent gate.
  3039 | D:4      | Noticed HolyTactitian's ghost (amateur TeRe)
  3040 | D:4      | Found a runed translucent gate.
  3221 | D:4      | Reached XP level 6. HP: 34/49 MP: 10/12
  3278 | D:4      | Reached skill level 5 in Fighting
  3320 | D:4      | Found Zetuecrolus's Antique Armour Shop.
  3367 | D:4      | Found a shimmering blue altar of Sif Muna.
  3440 | D:4      | Found Myegid's Jewellery Shop.
  3632 | D:4      | Learned a level 3 spell: Summon Guardian Golem
  3963 | D:4      | Reached XP level 7. HP: 50/58 MP: 11/13
  3981 | D:3      | Slain by HolyTactitian's ghost

Illustrated notes

Levels and vault maps discovered:
D:1:      amcnicky_arrival_blooded_trapdoor, layout_basic
D:2:      layout_basic, uniq_terence
D:3:      layout_basic, grunt_temple_overflow_cloverleaf, serial_shops,
          nicolae_shop_hallway_plus, shop, shop, nicolae_diamond_shop, shop
D:4:      layout_rooms, mainiacjoe_overflow_surrounded_room, serial_shops,
          shop_fountains, nicolae_shop_crystal, biasface_ghost_orc_armoury,
          serial_bayou, serial_bayou_pond_c, serial_bayou_shore_a,
          serial_bayou_lagoon_b, serial_bayou_lagoon_a

Skill      XL: |  1  2  3  4  5  6 |
---------------+-------------------+-----
Summonings     | 5 6 |  6.3
Fighting       | 2 4 6 |  6.0
Spellcasting   | 4 |  4.0
Dodging        | |  2.1
Stealth        | |  1.7

Action                   |  1- 3 |  4- 6 |  7- 9 || total
-------------------------+-------+-------+-------++-------
Melee: Club              |    51 |       |       ||    51
       Punch             |     3 |       |       ||     3
       Unarmed           |     1 |       |       ||     1
       Short sword       |    44 |   202 |     5 ||   251
       Dagger            |    14 |       |       ||    14
 Cast: Summon Small Mamm |    14 |     2 |       ||    16
       Call Canine Famil |     3 |     4 |       ||     7
       Call Imp          |     2 |     1 |       ||     3
 Abil: Hop               |       |       |     1 ||     1
  Use: Scroll            |     2 |     1 |       ||     3
 Stab: Sleeping          |     3 |     5 |       ||     8
Armor: Robe              |    36 |    37 |       ||    73
Dodge: Dodged            |   103 |   135 |     4 ||   242

Table legend: (Time is in decaauts)
 A = Elapsed time spent in this place.
 B = Non-inter-level travel time spent in this place.
 C = Inter-level travel time spent in this place.
 D = Time resting spent in this place.
 E = Time spent auto-exploring this place.
 F = Levels seen in this place.
 G = Mean time per level.
                   A        B        C        D        E       F      G
               +--------+--------+--------+--------+--------+-----+--------+
         Total |   4488 |   4340 |    148 |    459 |   2755 |   4 | 1122.0 |
       Dungeon |   4488 |   4340 |    148 |    459 |   2755 |   4 | 1122.0 |
               +--------+--------+--------+--------+--------+-----+--------+

Top non-repeatable levels by time:
     D:1: 1539 daAuts
     D:4: 1115 daAuts
     D:3: 986 daAuts
     D:2: 847 daAuts
